 Dungeon Crawl Stone Soup version 0.30-b1-2-g02819fbbbe (webtiles) character file.

Game seed: 14028945558087120692

161 Borgoz the Slasher (level 5, 0/42 HPs)
             Began as a Human Monk on June 25, 2023.
             Slain by a gnoll
             ... wielding a +0 flail
             ... led by a gnoll bouda
              (8 damage)
             ... on level 4 of the Dungeon.
             The game lasted 00:03:01 (2236 turns).

Borgoz the Slasher (Human Monk)                     Turns: 2236, Time: 00:03:01

Health: 0/42       AC:  5    Str: 14    XL:     5   Next: 70%
Magic:  5/5        EV: 13    Int: 10    God:
Gold:   89         SH:  0    Dex: 15    Spells: 4/4 levels left

rFire   + . .        a - +0 falchion
rCold   + . .        d - orb {light}
rNeg    . . .        n - +1 leather armour of Derghuq {rC+}
rPois   .            s - +0 helmet
rElec   .            (no cloak)
rCorr   +            (no gloves)
SInv    .            (no boots)
Will    .....        (no amulet)
Stlth   +            k - ring of resist corrosion
HPRegen 0.27/turn    l - ring of protection from fire
MPRegen 0.09/turn

%: no passive effects
@: glowing
A: no striking features
a: no special abilities


You were on level 4 of the Dungeon.
You visited 1 branch of the dungeon, and saw 4 of its levels.

You collected 89 gold pieces.

Inventory:

Hand Weapons
 a - a +0 falchion (weapon)
Armour
 d - an orb of light (worn)
 n - the +1 leather armour of Derghuq (worn) {rC+}
   (You found it on level 2 of the Dungeon)

   rC:        It protects you from cold.
 s - a +0 helmet (worn)
Jewellery
 k - a ring of resist corrosion (left hand)
 l - a ring of protection from fire (right hand)
Wands
 t - a wand of quicksilver (11)
Scrolls
 b - a scroll of magic mapping {unknown}
 e - a scroll of fear {unknown}
 f - 2 scrolls of amnesia {unknown}
 h - a scroll of identify {unknown}
 i - 2 scrolls of blinking
 m - 4 scrolls of teleportation {unknown}
 o - a scroll of summoning {unknown}
 r - a scroll of noise {unknown}
Potions
 g - a potion of curing
 j - a potion of invisibility {unknown}
 p - 2 potions of attraction {unknown}
 q - a potion of heal wounds {unknown}
 u - a potion of magic {unknown}


   Skills:
 + Level 3.8 Fighting
 * Level 4.3 Long Blades
 + Level 1.9 Armour
 + Level 3.7 Dodging


You had 4 spell levels left.
You didn't know any spells.
Your spell library contained the following spells:

 Spells                   Type           Power      Damage    Failure   Level
 Magic Dart               Conj           0%         1d3       43%         1
 Call Imp                 Summ           0%         N/A       56%         2
 Mephitic Cloud           Conj/Pois/Air  0%         N/A       80%         3


Dungeon Overview and Level Annotations

Branches:
Dungeon (4/15)
 Temple: D:4-7

Altars:
Elyvilon
Nemelex Xobeh


Message History

The gnoll bouda hits you with a +0 whip.
You are too injured to fight recklessly!
You are too injured to fight recklessly!
You are too injured to fight recklessly!
You are too injured to fight recklessly!
You are too injured to fight recklessly!
You are too injured to fight recklessly!
You are too injured to fight recklessly!
You are too injured to fight recklessly!
You are confused.
You feel invigorated. The gnoll hits you but does no damage.
The gnoll bouda hits you with a +0 whip!
You slash the gnoll bouda!
You kill the gnoll bouda!
The gnoll is no longer moving quickly. x2
The gnoll hits you from afar with a +0 spear.
The gnoll barely misses you.
Things that are here:
a +0 whip; a +0 leather armour; a gnoll corpse You slash the gnoll!
The gnoll is heavily wounded.
You feel less invigorated.
You feel less confused. The gnoll misses you.
You hit the gnoll.
The gnoll is almost dead.
The gnoll hits you with a +0 spear.
You hit the gnoll.
You kill the gnoll!
You hit the gnoll but do no damage. The gnoll hits you with a +0 flail!
You hit the gnoll.
The gnoll is heavily wounded.
The gnoll closely misses you.
It was a potion of curing.
You feel better. The gnoll completely misses you.
The gnoll is no longer moving quickly. x2
The gnoll attacks as you move away! The gnoll hits you with a +0 flail.
The gnoll attacks as you move away! The gnoll hits you with a +0 flail!
* * * LOW HITPOINT WARNING * * *
The gnoll attacks as you move away! The gnoll hits you with a +0 flail!
You die...

#.# #.# ### ####.#
######.## ...#.#
#..)....#
##.#.####.####.##
.#....##...# #.#
...........# #.#
.()...##...###.#####
####.#####......@g.#
#.# #.###.###g# #.#
.# #.# #.# #+# ..
..# #)# ..#### #5#
#g# #.# ..# ...


You could see 2 gnolls.

Vanquished Creatures
  A gnoll bouda (D:4)
  Ijyb (D:3)
  An iguana (D:4)
  2 gnolls
  3 worms
  3 dart slugs
  6 orcs (D:3)
  3 endoplasms
  3 goblins
  2 hobgoblins
  3 jackals (D:1)
  A quokka (D:1)
  6 ball pythons
  4 bats
  A frilled lizard (D:2)
  2 kobolds
  5 rats
47 creatures vanquished.

Notes
Turn   | Place    | Note
-------+----------+-------------------------------------------
     0 | D:1      | Borgoz the Human Monk began the quest for the Orb.
     0 | D:1      | Reached XP level 1. HP: 18/18 MP: 1/1
   110 | D:1      | Reached XP level 2. HP: 20/24 MP: 2/2
   223 | D:1      | Reached XP level 3. HP: 26/29 MP: 3/3
   633 | D:1      | You fall into a shaft and drop 1 floor!
   633 | D:2      | Found a sparkling altar of Nemelex Xobeh.
   921 | D:2      | Identified the +1 leather armour of Derghuq {rC+}
  1070 | D:2      | Reached skill level 1 in Armour
  1362 | D:3      | Found a white marble altar of Elyvilon.
  1448 | D:3      | Reached XP level 4. HP: 35/35 MP: 4/4
  1598 | D:3      | Noticed Ijyb
  1605 | D:3      | Killed Ijyb
  1705 | D:3      | Reached skill level 4 in Long Blades
  1718 | D:3      | Identified the +1 dagger of War {elec, +Blink rN+++ Will-
                  | rCorr}
  1836 | D:3      | Reached XP level 5. HP: 27/41 MP: 5/5
  2236 | D:4      | Slain by a gnoll

Illustrated notes

Levels and vault maps discovered:
D:1:      minmay_arrival_arboretum_small, layout_loops_ring
D:2:      layout_rooms, basic_altar
D:3:      layout_loops_ring, old_standard_altar, grunt_decor_mini_mirrors,
          uniq_ijyb
D:4:      layout_loops_corners, uniq_natasha

Skill      XL: |  1  2  3  4 |
---------------+-------------+-----
Armour         | 1 |  1.9
Long Blades    | 4 |  4.3
Fighting       | |  3.8
Dodging        | |  3.7

Action                     |  1- 3 |  4- 6 || total
---------------------------+-------+-------++-------
  Melee: Falchion          |    93 |    71 ||   164
    Use: Scroll            |       |     1 ||     1
         Potion            |       |     2 ||     2
 Armour: Robe              |    14 |       ||    14
         Leather armour    |     6 |    14 ||    20
         Ring mail         |     3 |       ||     3
  Dodge: Dodged            |    49 |    53 ||   102
